 Dungeon Crawl Stone Soup version 0.23-a0-860-g8ff03fb (webtiles) character file.

2410 Amnesiac the Slicer (level 9, -4/50 HPs)
             Began as a Tengu Fighter on Jan 27, 2019.
             Was an Elder of Zin.
             Slain by a wight
             ... wielding a cursed +4 mace
              (5 damage)
             ... on level 9 of the Dungeon.
             The game lasted 00:14:09 (7956 turns).

Amnesiac the Slicer (Tengu Fighter)                 Turns: 7956, Time: 00:14:09

Health: -4/50      AC:  6    Str: 18 (19) XL:     9   Next: 47%
Magic:  14/14      EV:  9    Int:  8 (9)  God:    Zin [****..]
Gold:   411        SH:  8    Dex: 14      Spells: 1/8 levels left

rFire    . . .     SeeInvis +   b - +2 dagger (speed)
rCold    . . .     Gourm    .   c - +0 shield
rNeg     . . .     Faith    .   s - +0 scale mail
rPois    .         Spirit   .   (helmet restricted)
rElec    .         Reflect  .   (no cloak)
rCorr    .         Harm     .   (no gloves)
MR       +....                  (boots unavailable)
Stlth    ++........             (no amulet)
HPRegen  0.16/turn              n - ring of see invisible
MPRegen  0.14/turn              v - ring of protection from magic

@: flying quickly and evasively, heavily drained, quick
A: beak, talons 3, able to fly
a: Stop Flying, Recite, Vitalisation, Imprison, Donate Gold, Renounce Religion


You were on level 9 of the Dungeon.
You worshipped Zin.
Zin was greatly pleased with you.
You were not hungry.

You visited 2 branches of the dungeon, and saw 10 of its levels.

You collected 456 gold pieces.
You donated 45 gold pieces to Zin.

Inventory:

Hand Weapons
 a - a +0 dagger of venom
 b - a +2 dagger of speed (weapon)
Armour
 c - a +0 shield (worn)
 q - a +2 robe of cold resistance
 s - a +0 scale mail (worn)
Jewellery
 n - a ring of see invisible (left hand)
 p - an uncursed ring of ice
 v - a ring of protection from magic (right hand)
Wands
 i - a wand of iceblast (10)
 y - a wand of disintegration (16)
 B - a wand of flame (13)
Scrolls
 g - 2 scrolls of fog {!r, unknown}
 j - 11 scrolls of identify {!r}
 k - 4 scrolls of amnesia {!r}
 l - 3 scrolls of magic mapping {!r, unknown}
 m - a scroll of fear {!r, unknown}
 o - 2 scrolls of teleportation {!r}
 r - a scroll of blinking {!r, unknown}
 t - a scroll of immolation {!r, unknown}
 u - 5 scrolls of remove curse {!r}
 C - a scroll of enchant weapon {!r, unknown}
 D - 2 scrolls of noise {!r, unknown}
Potions
 d - 2 potions of might {!q}
 e - a potion of lignification {!q}
 h - 3 potions of mutation {!q}
 w - a potion of invisibility {!q, unknown}
 x - 2 potions of curing {!q}
 z - 2 potions of haste {!q}
 A - a potion of flight {!q, unknown}
Comestibles
 f - 8 rations


   Skills:
 - Level 3.0(1.3) Fighting
 - Level 8.0(6.1) Short Blades
 - Level 3.3(1.7) Armour
 - Level 3.3(1.6) Dodging
 - Level 8.0(6.1) Stealth
 - Level 3.0(1.3) Shields
 * Level 5.6(3.8) Invocations


You had one spell level left.
You knew the following spells:

 Your Spells              Type           Power        Failure   Level  Hunger
a - Apportation           Tloc           #.....       100%        1    ##.....
b - Poisonous Vapours     Pois/Air       #.....       100%        2    ###....
e - Mephitic Cloud        Conj/Pois/Air  #.......     100%        3    ####...
z - Confusing Touch       Hex            #.....       100%        1    ##.....

Your spell library contained the following spells:

 Spells                   Type           Power        Failure   Level  Hunger
 Animate Skeleton         Necr           N/A          100%        1    ##.....
 Beastly Appendage        Tmut           #.....       100%        1    ##.....
 Pain                     Necr           #...         100%        1    ##.....
 Sting                    Conj/Pois      #...         100%        1    ##.....
 Summon Small Mammal      Summ           #...         100%        1    ##.....
 Corpse Rot               Necr           N/A          100%        2    ###....
 Sublimation of Blood     Necr           #.........   100%        2    ###....
 Regeneration             Chrm/Necr      #.........   100%        3    ####...
 Vampiric Draining        Necr           #.........   100%        3    ####...
 Animate Dead             Necr           N/A          100%        4    #####..
 Olgreb's Toxic Radiance  Pois           #.......     100%        4    #####..
 Agony                    Necr           #.......     100%        5    ######.
 Bolt of Draining         Conj/Necr      #.........   100%        5    ######.
 Dispel Undead            Necr           #.......     100%        5    ######.
 Excruciating Wounds      Chrm/Necr      #.........   100%        5    ######.
 Venom Bolt               Conj/Pois      #.........   100%        5    ######.


Dungeon Overview and Level Annotations

Branches:
Dungeon (9/15)             Temple (1/1) D:5
   Lair: D:8-11         Orc: D:9-12

Altars:
Ashenzari
Cheibriados
Fedhas
Gozag
Hepliaklqana
Kikubaaqudgha
Okawaru
Qazlal
Sif Muna
Trog
Uskayaw
Vehumet
Xom
Yredelemnul
Zin
The Shining One

Annotations:
D:4 exclusion: moth of wrath
D:5 Menkaure


Innate Abilities, Weirdness & Mutations

You have a beak for a mouth.
You have claws for feet.
You can fly continuously.


Message History

You hit the wight but do no damage. You claw the wight.
The wight is severely damaged.
You hit the wight. You claw the wight, but do no damage.
The wight is severely damaged.
You hit the wight but do no damage. You claw the wight.
The wight is almost destroyed.
You block the wight's attack.
You hit the wight but do no damage.
The wight is almost destroyed.
You closely miss the wight. You peck the wight.
The wight is almost destroyed.
The wight hits you with a +2 war axe.
You hit the wight but do no damage.
The wight is almost destroyed.
You hit the wight but do no damage. You claw the wight.
You destroy the wight!
Zin accepts your kill.
You swing at nothing.
You closely miss the wight. You claw the wight, but do no damage.
The wight barely misses you.
You hit the wight but do no damage. You claw the wight, but do no damage.
You block the wight's attack.
You closely miss the wight. You claw the wight. You peck the wight.
The wight is heavily damaged.
The wight hits you with a cursed +4 mace.
You feel drained.
You hit the wight but do no damage. You peck the wight, but do no damage.
The wight is heavily damaged.
You block the wight's attack.
You hit the wight but do no damage. You claw the wight, but do no damage.
The wight is heavily damaged.
The wight hits you with a cursed +4 mace.
You feel drained.
You hit the wight but do no damage.
The wight is heavily damaged.
The wight hits you with a +0 falchion.
* * * LOW HITPOINT WARNING * * *
You feel drained.
* * * LOW HITPOINT WARNING * * *
You hit the wight.
The wight is severely damaged.
You block the wight's attack.
You closely miss the wight.
The wight is severely damaged.
The wight hits you with a +0 falchion.
* * * LOW HITPOINT WARNING * * *
You feel drained.
* * * LOW HITPOINT WARNING * * *
You closely miss the wight. You peck the wight, but do no damage.
The wight is severely damaged.
You hit the wight but do no damage. You claw the wight.
The wight is almost destroyed.
You block the wight's attack.
The wight hits you with a cursed +4 mace!
* * * LOW HITPOINT WARNING * * *
You feel drained.
* * * LOW HITPOINT WARNING * * *
You hit the wight but do no damage.
The wight is almost destroyed.
You hit the wight but do no damage. You claw the wight.
You destroy the wight!
Zin accepts your kill.
The wight hits you with a cursed +4 mace.
You die...

. #...### #.###
#..... .
.....####...####..
#.........(.......
#................
.................
###.##.#...#.##..
#)#.<.......
#@#...#.###.
#z#..z# # ......#
........
#.......##
.........
..........
#.........#.


You could see a wight.

Vanquished Creatures
  A hornet (D:7)
  An ice beast (D:8)
  3 orc warriors
  A black bear (D:6)
  A phantom (D:6)
  2 centaurs
  2 bullfrogs
  2 scorpions
  4 killer bees (D:8)
  2 howler monkeys
  5 wights
  A crimson imp (D:8)
  2 bullfrog zombies
  4 hounds
  2 jellies
  3 orc wizards
  2 bullfrog skeletons
  A gnoll shaman (D:6)
  An iguana (D:6)
  4 worker ants
  2 killer bee zombies (D:7)
  3 gnolls (D:7)
  A worker ant zombie (D:5)
  5 adders
  3 shadow imps
  An ooze (D:4)
  2 worms (D:4)
  2 dart slugs
  4 leopard geckos
  10 orcs
  2 giant cockroaches (D:4)
  8 goblins
  5 hobgoblins
  19 jackals
  13 kobolds
  3 ball pythons
  7 bats
  2 frilled lizards
  A rat (D:4)
137 creatures vanquished.

Notes
Turn   | Place    | Note
-------+----------+-------------------------------------------
     0 | D:1      | Amnesiac the Tengu Fighter began the quest for the Orb.
     0 | D:1      | Reached XP level 1. HP: 14/14 MP: 2/2
    76 | D:1      | Reached skill level 1 in Stealth
   187 | D:1      | Reached XP level 2. HP: 19/19 MP: 3/3
   483 | D:2      | Reached XP level 3. HP: 19/23 MP: 4/4
   849 | D:4      | Found a blossoming altar of Fedhas.
   924 | D:3      | Reached skill level 1 in Dodging
   948 | D:3      | Found a hide-covered altar of Uskayaw.
  1021 | D:4      | Found a shattered altar of Ashenzari.
  1064 | D:4      | Found a stormy altar of Qazlal.
  1103 | D:4      | Noticed a moth of wrath
  1106 | D:4      | Found a bloodstained altar of Trog.
  1126 | D:4      | Reached XP level 4. HP: 26/28 MP: 5/5
  1190 | D:4      | Noticed an orc warrior
  1196 | D:5      | Entered Level 5 of the Dungeon
  1214 | D:5      | Found a shimmering altar of Xom.
  1299 | D:5      | Found a staircase to the Ecumenical Temple.
  1322 | D:5      | Noticed Menkaure
  1330 | Temple   | Entered the Ecumenical Temple
  1381 | Temple   | Became a worshipper of Zin the Law-Giver
  1381 | Temple   | Reached * piety under Zin
  1425 | D:5      | Gained mutation: You can fly continuously. [Tengu growth]
  1425 | D:5      | Reached XP level 5. HP: 16/32 MP: 6/6
  2861 | D:3      | Found a radiant altar of Vehumet.
  2954 | D:3      | Found an ancient bone altar of Kikubaaqudgha.
  2955 | D:3      | Found a deep blue altar of Sif Muna.
  2961 | D:3      | Identified Sif Muna's Volume of Transmigration
  3034 | D:3      | Reached skill level 1 in Invocations
  3212 | D:4      | Found a basalt altar of Yredelemnul.
  3260 | D:4      | Killed an orc warrior
  3260 | D:4      | Reached XP level 6. HP: 26/37 MP: 7/7
  3563 | D:5      | Reached XP level 7. HP: 37/41 MP: 9/9
  3754 | D:5      | Reached skill level 5 in Short Blades
  3791 | D:5      | Reached skill level 5 in Stealth
  3987 | D:6      | Reached ** piety under Zin
  4417 | D:6      | Reached XP level 8. HP: 6/46 MP: 10/10
  5296 | D:6      | Reached *** piety under Zin
  5451 | D:7      | Found a hazy altar of Hepliaklqana.
  5836 | D:7      | Noticed a hornet
  5842 | D:7      | Paralysed by a hornet for 1 turns
  5843 | D:7      | HP: 1/46 [hornet (13)]
  5904 | D:7      | Killed a hornet
  6133 | D:7      | Reached **** piety under Zin
  6385 | D:7      | Learned a level 1 spell: Confusing Touch
  6394 | D:7      | Reached XP level 9. HP: 48/50 MP: 12/12
  6399 | D:7      | Learned a level 1 spell: Apportation
  6403 | D:7      | Learned a level 3 spell: Mephitic Cloud
  6406 | D:7      | Learned a level 2 spell: Poisonous Vapours
  7203 | D:8      | Reached skill level 5 in Invocations
  7277 | D:8      | Noticed a brown ugly thing
  7954 | D:9      | HP: 1/50 [wight/cursed +4 mace (3)]
  7956 | D:9      | Slain by a wight

Vault maps used:
D:1:      minmay_arrival_checkered_box, grunt_decor_arrowhead
D:3:      overflow_temple_1_default, grunt_temple_overflow_magic_moments,
          kennysheep_potato
D:4:      lemuel_coloured_pillars_altar, marbit_many_paths, lemuel_round_altar,
          tgw_trog, grunt_qazlal_sundering, first_ration
D:5:      overflow_temple_1_default, minmay_temple_entry_tees, uniq_menkaure
D:6:      kennysheep_six_static_rooms, serial_curves, eino_curves_03,
          eino_curves_02
D:7:      kennysheep_mini
Temple:   grunt_temple_mini_profane

Skill      XL: |  1  2  3  4  5  6  7  8  9 |
---------------+----------------------------+-----
Stealth        | 1 2 3 4 5 7 8 |  8.0
Dodging        | 1 2 3 |  3.3
Short Blades   | 3 4 5 7 8 |  8.0
Invocations    | 1 2 3 5 |  5.6
Fighting       | |  3.0
Armour         | |  3.3
Shields        | |  3.0

Action                   |  1- 3 |  4- 6 |  7- 9 || total
-------------------------+-------+-------+-------++-------
Melee: Rapier            |    67 |    42 |       ||   109
       Kick              |    16 |    44 |   120 ||   180
       Peck              |    12 |    20 |    86 ||   118
       Dagger            |       |    92 |   397 ||   489
 Abil: Fly               |       |     1 |       ||     1
  Use: Scroll            |     4 |       |       ||     4
       Potion            |       |     1 |     6 ||     7
 Stab: Sleeping          |       |     1 |     2 ||     3
       Distracted        |       |       |     2 ||     2
  Eat: Chunk             |     1 |     7 |     7 ||    15
       Ration            |       |       |     2 ||     2
Armor: Scale mail        |    17 |    34 |    59 ||   110
Dodge: Dodged            |    18 |    43 |    94 ||   155
Block: Shield            |    30 |    84 |   121 ||   235

Table legend:
 A = Non-vault XP
 B = Vault XP
 C = Vault XP percentage of total XP
 D = Non-vault monster count
 E = Vault monster count
 F = Vault count percentage of total count
                 A         B        C        D         E       F
            +---------+---------+-------+---------+---------+-------
      Total |    3100 |     343 |  10.0 |     128 |       9 |   6.6
            +---------+---------+-------+---------+---------+-------
        D:1 |      36 |       0 |   0.0 |      20 |       0 |   0.0
        D:2 |      41 |       0 |   0.0 |      15 |       0 |   0.0
        D:3 |      44 |       6 |  12.0 |      12 |       2 |  14.3
        D:4 |     318 |      11 |   3.3 |      15 |       3 |  16.7
        D:5 |     295 |       0 |   0.0 |      14 |       0 |   0.0
        D:6 |     699 |     326 |  31.8 |      17 |       4 |  19.0
        D:7 |     580 |       0 |   0.0 |      16 |       0 |   0.0
        D:8 |     916 |       0 |   0.0 |      16 |       0 |   0.0
        D:9 |     171 |       0 |   0.0 |       3 |       0 |   0.0
            +---------+---------+-------+---------+---------+-------
